 Dungeon Crawl Stone Soup version 0.17-a0-1738-g82cdc46 (webtiles) character file.

84 poirepourri the Vexing (level 4, 0/32 HPs)
             Began as a Formicid Arcane Marksman on Aug 30, 2015.
             Slain by Purgy (7 damage)
             ... on level 3 of the Dungeon.
             The game lasted 00:04:16 (2439 turns).

poirepourri the Vexing (Formicid Arcane Marksman)   Turns: 2439, Time: 00:04:16

Health: 0/32       AC:  7    Str: 21    XL:     4   Next: 72%
Magic:  3/6        EV: 10    Int: 12    God:
Gold:   145        SH:  0    Dex: 11    Spells: 1 memorised, 5 levels left

rFire  + . .     SeeInvis +     a - +1 hand crossbow
rCold  x . .     Clarity  .     f - +1 scale mail
rNeg   . . .     SustAt   .     (no shield)
rPois  .         Gourm    .     (helmet unavailable)
rElec  .         Spirit   .     (no cloak)
rCorr  .         Warding  .     (no gloves)
rMut   .         Stasis   +     (no boots)
MR     .....                    (no amulet)
Stlth  ..........               (no ring)
                                k - ring of fire

@: mighty, not resistant to hostile enchantments, extremely unstealthy
A: permanent stasis, dig shafts and tunnels, four strong arms, antennae 3
a: Dig, Shaft Self


You were on level 3 of the Dungeon.
You were not hungry.

You visited 1 branch of the dungeon, and saw 3 of its levels.

You collected 145 gold pieces.

Inventory:

Hand weapons
 a - a +1 hand crossbow (weapon)
 b - a +0 short sword
Armour
 c - a +0 robe
 f - a +1 scale mail (worn)
Jewellery
 k - a ring of fire (left hand)
Scrolls
 g - 4 scrolls of identify
 i - a scroll of recharging
 m - 2 scrolls of teleportation
Potions
 h - a potion of haste
 l - 2 potions of resistance
Books
 d - a book of Debilitation

   Spells                             Type                      Level
   a - Corona                         Hexes                        1
   b - Slow                           Hexes                        2
   c - Gell's Gravitas                Hexes/Translocation          3
   d - Inner Flame                    Hexes/Fire                   3
   e - Cause Fear                     Hexes                        4
   f - Leda's Liquefaction            Hexes/Earth                  4
Comestibles
 j - a beef jerky
 n - 2 meat rations
 q - a slice of pizza


   Skills:
 - Level 1.1 Fighting
 + Level 2.8 Crossbows
 * Level 1.3 Armour
 + Level 2.2 Dodging
 + Level 0.3 Stealth
 + Level 1.9 Spellcasting
 + Level 4.4 Hexes


You had 5 spell levels left.
You knew the following spells:

 Your Spells              Type           Power        Failure   Level  Hunger
a - Corona                Hex            ##.....      14%         1    ##.....


Dungeon Overview and Level Annotations

Branches:
Dungeon (3/15)

Altars:
Ashenzari

Annotations:
D:3 Purgy


Innate Abilities, Weirdness & Mutations

You are under a permanent stasis effect.
You can dig through walls and to a lower floor.
Your four strong arms can wield two-handed weapons with a shield.
You have a pair of large antennae on your head (SInv).


Message History

You shoot a bolt. The bolt hits Purgy!
Purgy is heavily wounded.
Purgy bites you! Purgy claws you but does no damage.
Purgy claws you but does no damage. Purgy bites you.
* * * LOW HITPOINT WARNING * * *
Purgy claws you but does no damage. Purgy completely misses you.
Your magical contamination has completely faded away.
Firing (i - inventory): No suitable missiles.
Press: ? - help, Shift-Dir - straight line, f/p - Purgy
Aim: Purgy (heavily wounded, softly glowing)
Okay, then.
Firing (i - inventory): No suitable missiles.
Press: ? - help, Shift-Dir - straight line, f/p - Purgy
Aim: Purgy (heavily wounded, softly glowing)
Okay, then.
Drink which item? (? for menu, Esc to quit)
It was a potion of might.
You feel very mighty all of a sudden. Purgy bites you!
You die...

### #### #.. ..#
#.# #.#
##.#####.#######
##......T@...<..#
#.....###.#####.#
######....# #.# #
..........###.#
#######...†...#
#.####### #'# ...
....$


You could see Purgy.

Vanquished Creatures
  5 adders
  A worm (D:2)
  2 giant geckos
  2 giant cockroaches
  4 hobgoblins
  3 jackals (D:1)
  A kobold (D:2)
  A quokka (D:2)
  8 bats
  A giant newt (D:2)
  8 goblins
  3 rats
39 creatures vanquished.

Notes
Turn   | Place    | Note
--------------------------------------------------------------
     0 | D:1      | poirepourri the Formicid Arcane Marksman began the quest for the Orb.
     0 | D:1      | Reached XP level 1. HP: 15/15 MP: 2/2
   273 | D:1      | Reached skill level 4 in Hexes
   280 | D:1      | Found a shattered altar of Ashenzari.
   293 | D:1      | Reached XP level 2. HP: 21/21 MP: 0/3
   720 | D:1      | Reached XP level 3. HP: 26/26 MP: 1/5
  1237 | D:2      | Reached XP level 4. HP: 28/32 MP: 4/6
  1268 | D:2      | Reached skill level 1 in Armour
  2418 | D:3      | Noticed Purgy
  2439 | D:3      | Slain by Purgy

Vault maps used:
D:1:      lightli_iron_boxes, nicolae_ashenzari_panopticon
D:2:      wad_lake_hut
D:3:      corexii_item_surrounded_by_moat, uniq_purgy, uniq_sigmund

Action                   |  1- 3 |  4- 6 || total
-------------------------+-------+-------++-------
Melee: Unarmed           |       |    25 ||    25
       Short sword       |       |    12 ||    12
       Hand crossbow     |       |     1 ||     1
 Fire: Hand crossbow     |    71 |    25 ||    96
 Cast: Corona            |    28 |    10 ||    38
  Use: Scroll            |     8 |       ||     8
       Potion            |       |     2 ||     2
  Eat: Bread ration      |     1 |     1 ||     2
